Map: [ESL] Hecate

Players

Lambo

  • Race: Zerg Zerg
  • Spawn Location: 1:00

Wayne - Winner!

  • Race: Zerg Zerg
  • Spawn Location: 7:00

Event: ESL SC2 Masters 2023 Winter (Regional)

VOD

Have the link to the VOD?

Description

Time

  • Played on: Nov. 11, 2023, 8:41 a.m.
  • Length: 16:27

All games in this series

Show
View Real Time Build Order
Export as new Build Order

Lambo Zerg 

Build Orders: Hatch First 

Get SALT Encoding   

  12  0:00  Drone  
  13  0:12  Overlord  
  13  0:17  Drone  
  14  0:31  Drone x2  
  16  0:47  Hatchery  
  15  0:50  Drone  
  15  0:54  Drone  
  17  1:07  Spawning Pool  
  16  1:12  Extractor  
  16  1:13  Drone  
  16  1:16  Drone  
  17  1:19  Drone  
  18  1:28  Drone  
  19  1:39  Drone  
  20  1:50  Drone  
  21  1:59  Zergling x2, Queen x2, Overlord  
  26  2:12  Drone x2  
  28  2:22  Zergling x2, Drone  
  30  2:31  Drone  
  30  2:33  Drone  
  32  2:39  Hatchery  
  32  2:43  Drone  
  32  2:46  Overlord  
  32  2:53  Drone x2  
  32  2:56  Queen  
  36  3:06  Drone x4  
  36  3:09  Zergling x2  
  41  3:17  Drone x2  
  41  3:18  Drone  
  43  3:22  Overlord  
  43  3:23  Lair  
  43  3:35  Evolution Chamber  
  43  3:37  Drone  
  43  3:41  Drone x6  
  49  3:42  Drone x2  
  49  3:48  Drone, Roach Warren  
  51  3:49  Extractor  
  51  3:50  Drone  
  51  3:52  Drone  
  52  3:56  Drone  
  52  3:57  Drone  
  52  4:00  Extractor  
  52  4:02  Zerg Missile Weapons Level 1, Overlord  
  53  4:05  Overlord  
  53  4:06  Drone  
  56  4:10  Drone x2  
  56  4:14  Drone, Overlord  
  57  4:24  Overlord  
  57  4:27  Roach x4  
  57  4:28  Roach  
  57  4:31  Glial Reconstitution  
  67  4:34  Roach  
  69  4:39  Roach x2  
  69  4:41  Overseer  
  69  4:44  Roach x2  
  77  4:47  Overlord  
  77  4:49  Roach  
  77  4:50  Roach  
  77  4:51  Overlord  
  81  4:53  Drone  
  81  4:57  Queen  
  84  5:01  Drone x2  
  84  5:02  Roach x2  
  84  5:06  Roach  
  84  5:07  Roach  
  94  5:10  Roach x2  
  98  5:15  Roach x2  
  98  5:18  Queen  
  98  5:21  Spore Crawler  
  103  5:22  Spore Crawler  
  103  5:24  Drone  
  103  5:25  Spore Crawler  
  102  5:30  Spore Crawler  
  102  5:32  Overlord  
  102  5:35  Overlord  
  101  5:39  Overlord  
  101  5:42  Overlord  
  101  5:50  Queen x2, Overlord  
  101  5:53  Drone x2  
  101  5:55  Drone  
  101  5:56  Zerg Ground Armor Level 1  
  108  5:57  Drone  
  108  5:59  Roach  
  111  6:04  Drone x2  
  111  6:05  Roach  
  111  6:09  Roach x2  
  111  6:10  Drone x2  
  121  6:11  Overseer  
  121  6:14  Drone x2  
  122  6:19  Roach  
  122  6:20  Roach  
  122  6:21  Ravager  
  127  6:26  Extractor  
  127  6:29  Drone x2  
  129  6:32  Roach  
  129  6:33  Overlord  
  129  6:34  Overlord  
  129  6:35  Overlord  
  129  6:39  Overlord  
  129  6:40  Overlord  
  129  6:41  Overlord  
  129  6:51  Overlord  
  129  6:58  Roach x9  
  147  7:07  Extractor  
  147  7:08  Drone  
  147  7:14  Drone x2  
  147  7:15  Roach x4  
  157  7:16  Burrow  
  157  7:19  Extractor  
  157  7:21  Roach  
  158  7:25  Drone  
  158  7:27  Roach  
  161  7:33  Roach  
  161  7:37  Drone  
  164  7:40  Roach  
  164  7:42  Overlord  
  166  7:45  Roach x4  
  166  7:46  Drone, Roach x2, Hydralisk Den  
  178  7:52  Roach  
  178  7:54  Overlord  
  178  7:58  Overlord  
  178  8:00  Tunneling Claws  
  178  8:06  Overlord  
  178  8:08  Ravager x3  
  178  8:09  Roach  
  178  8:12  Roach x2  
  186  8:13  Drone x5  
  186  8:15  Roach  
  186  8:16  Overlord  
  186  8:18  Roach x3  
  199  8:23  Zerg Missile Weapons Level 2  
  199  8:24  Roach x4  
  181  8:32  Roach  
  181  8:33  Roach  
  155  8:40  Roach x2  
  147  8:42  Roach x3  
  147  8:45  Roach  
  155  8:56  Muscular Augments  
  155  8:57  Hydralisk x6  
  155  8:59  Drone  
  155  9:02  Ravager  
  169  9:03  Hatchery  
  169  9:04  Roach  
  170  9:11  Roach  
  170  9:12  Roach x4  
  180  9:17  Roach x4  
  180  9:24  Roach x10  
  188  9:26  Overlord  
  188  9:27  Roach  
  188  9:28  Roach x4  
  188  9:30  Ravager  
  176  10:00  Roach x22  
  188  10:11  Roach x4  
  180  10:15  Roach x6  
  180  10:21  Roach x4  
  172  10:29  Hydralisk, Roach x4  
  172  10:34  Roach  
  172  10:35  Hydralisk x3  
  178  10:38  Drone  
  178  10:39  Drone  
  178  10:40  Ravager  
  178  10:41  Ravager  
  178  10:42  Grooved Spines  
  180  10:48  Roach x4  
  187  11:00  Hydralisk x2  
  187  11:03  Roach x4  
  191  11:05  Pneumatized Carapace  
  191  11:07  Roach x3  
  197  11:11  Hatchery  
  198  11:18  Roach  
  196  11:35  Extractor  
  196  11:37  Hydralisk x9  
  195  11:43  Roach x3  
  187  11:49  Roach x7  
  187  11:50  Roach x27  
  187  11:52  Roach x2  
  189  11:56  Roach  
  189  11:57  Roach x2  
  189  11:59  Roach  
  197  12:03  Roach  
  199  12:16  Roach x7  
  199  12:39  Roach x14  
  199  12:41  Infestation Pit  
  196  12:47  Roach  
  196  12:59  Roach  
  196  13:02  Extractor  
  193  13:06  Roach  
  193  13:07  Roach x2  
  193  13:12  Drone x7, Roach  
  197  13:13  Drone x8  
  197  13:15  Roach x7  
  194  13:21  Roach x4  
  194  13:23  Roach x3  
  194  13:26  Spine Crawler  
  197  13:28  Lurker Den  
  197  13:31  Hydralisk x3  
  198  13:40  Roach x4  
  198  13:41  Roach x2  
  198  13:44  Roach x11  
  198  13:47  Roach x9  
  194  13:49  Roach  
  194  13:54  Roach x2  
  194  13:55  Roach  
  171  13:58  Roach  
  171  14:01  Roach x2  
  167  14:04  Roach  
  165  14:10  Roach x3  
  157  14:18  Roach x4  
  157  14:23  Roach x15  
  151  14:28  Hydralisk x2  
  151  14:31  Hydralisk, Roach x7  
  147  14:32  Hydralisk  
  147  14:36  Ravager x3  
  147  14:37  Ravager x4  
  158  14:39  Drone  
  158  14:40  Drone  
  158  14:42  Hydralisk  
  158  14:45  Roach  
  164  14:48  Roach  
  166  14:57  Roach x5  
  176  15:03  Roach  
  176  15:04  Roach x2  
  182  15:11  Roach x7  
  182  15:12  Roach x4  
  190  15:20  Roach x4  
  196  15:22  Ravager x3  
  199  15:28  Roach x3  
  199  15:35  Roach x3  
  188  15:39  Roach  
  188  15:40  Roach x2  
  180  15:45  Roach x3  
  180  15:49  Roach x2  
  157  15:52  Roach x2  
  157  15:54  Roach  
  157  15:56  Roach  
  130  15:58  Roach  
  130  16:00  Roach  
  130  16:01  Roach  
  127  16:07  Roach x3  
Show
View Real Time Build Order
Export as new Build Order

Wayne Zerg - Winner!

Build Orders: Hatch First 

Get SALT Encoding   

  12  0:00  Drone  
  13  0:11  Overlord  
  13  0:16  Drone  
  14  0:30  Drone x2  
  16  0:47  Hatchery  
  15  0:50  Drone  
  15  0:54  Drone  
  17  0:57  Drone  
  18  1:08  Extractor  
  17  1:12  Spawning Pool  
  17  1:15  Drone  
  18  1:18  Drone  
  18  1:27  Drone  
  19  1:38  Drone  
  20  1:48  Drone  
  21  1:59  Queen x2  
  21  2:00  Zergling x2, Overlord  
  26  2:10  Drone x2  
  28  2:20  Drone  
  28  2:21  Drone  
  30  2:31  Drone, Overlord  
  33  2:37  Queen  
  33  2:41  Lair  
  33  2:45  Drone  
  33  2:47  Drone  
  35  2:53  Drone x2  
  37  3:00  Extractor, Evolution Chamber  
  37  3:03  Drone  
  37  3:04  Drone  
  36  3:07  Drone x2  
  36  3:09  Drone  
  36  3:10  Overlord  
  36  3:12  Drone x2  
  41  3:18  Roach Warren  
  40  3:22  Overlord  
  40  3:23  Drone  
  41  3:28  Drone  
  41  3:31  Drone  
  43  3:35  Extractor x2  
  43  3:39  Spire  
  40  3:41  Drone x2  
  40  3:46  Drone  
  40  3:48  Drone  
  44  3:49  Drone  
  44  3:50  Evolution Chamber  
  44  3:51  Drone  
  44  3:53  Drone  
  44  3:55  Drone  
  47  3:56  Drone  
  47  4:01  Glial Reconstitution  
  48  4:04  Zerg Missile Weapons Level 1  
  48  4:08  Drone x2  
  50  4:10  Overseer  
  50  4:12  Drone  
  51  4:17  Roach  
  51  4:18  Roach  
  51  4:21  Overlord  
  55  4:27  Roach x2  
  59  4:39  Overlord  
  59  4:44  Hatchery  
  58  4:51  Mutalisk x3  
  64  4:55  Overlord  
  64  4:56  Mutalisk  
  66  5:05  Drone  
  66  5:06  Drone x2  
  66  5:07  Drone x2  
  71  5:11  Overlord  
  71  5:15  Roach x2  
  75  5:23  Extractor  
  75  5:24  Zerg Ground Armor Level 1  
  75  5:25  Roach x2  
  78  5:33  Overlord  
  78  5:34  Roach x3  
  84  5:43  Overlord  
  84  5:44  Drone  
  84  5:45  Drone x4  
  89  5:57  Drone x5  
  89  5:59  Zerg Missile Weapons Level 2  
  94  6:12  Overlord  
  94  6:13  Drone  
  94  6:14  Drone, Roach x4  
  104  6:20  Roach x2  
  108  6:26  Overlord  
  108  6:32  Overlord  
  110  6:33  Roach x6  
  110  6:38  Ravager x2  
  122  6:40  Overlord  
  122  6:41  Overlord  
  122  6:47  Overlord  
  122  6:50  Overlord  
  122  6:51  Roach  
  122  6:52  Roach x3  
  130  6:59  Roach x5  
  140  7:03  Ravager x2  
  140  7:05  Roach x3  
  148  7:11  Overlord  
  148  7:13  Roach x3  
  154  7:20  Overlord  
  154  7:21  Roach x3  
  160  7:30  Roach x2  
  160  7:33  Overlord  
  164  7:38  Roach  
  164  7:39  Roach x6  
  178  7:45  Overlord  
  178  7:47  Roach x4  
  186  7:53  Overlord  
  186  7:54  Ravager x2  
  186  7:56  Roach x2  
  192  8:00  Roach  
  196  8:05  Roach  
  196  8:11  Roach  
  196  8:12  Roach  
  200  8:27  Roach x5  
  182  8:31  Roach x4  
  182  8:34  Roach  
  154  8:39  Roach  
  154  8:40  Roach x3  
  142  8:44  Roach x5  
  142  8:48  Roach x3  
  152  8:54  Roach  
  154  8:56  Ravager x2  
  154  8:58  Roach  
  154  9:02  Roach  
  160  9:06  Ravager x2  
  160  9:07  Extractor  
  160  9:08  Roach  
  160  9:09  Roach x3  
  169  9:13  Roach x5  
  179  9:19  Overlord  
  179  9:21  Overlord  
  179  9:26  Roach x4  
  187  9:32  Roach x3  
  187  9:34  Hatchery  
  194  9:38  Roach x3  
  194  9:45  Roach  
  200  9:50  Overseer  
  186  10:00  Roach x8  
  186  10:06  Roach x4  
  176  10:13  Roach x5  
  131  10:25  Drone x5  
  129  10:33  Drone x5  
  132  10:40  Ravager x8  
  132  10:42  Roach x2  
  144  10:46  Overlord  
  144  10:51  Roach x3  
  144  10:54  Queen  
  144  10:56  Ravager  
  153  11:01  Drone x4  
  153  11:02  Extractor, Drone  
  157  11:05  Pneumatized Carapace  
  157  11:06  Overseer  
  157  11:10  Roach x2  
  161  11:15  Queen  
  161  11:18  Roach  
  163  11:23  Roach x4  
  154  11:28  Roach x3  
  154  11:30  Ravager  
  151  11:41  Roach x4  
  145  11:50  Roach x5  
  149  11:55  Roach  
  149  11:56  Roach x3  
  149  12:00  Ravager  
  158  12:02  Ravager  
  158  12:06  Roach x2  
  158  12:07  Roach x3  
  169  12:21  Roach x2  
  169  12:22  Hatchery  
  172  12:27  Roach x3  
  178  12:34  Roach x3  
  184  12:38  Roach x2  
  188  12:44  Ravager x7  
  188  12:46  Ravager  
  188  12:49  Roach x2  
  200  12:52  Spine Crawler  
  197  13:07  Roach  
  194  13:16  Roach x5  
  198  13:27  Roach x2  
  185  13:48  Roach x14  
  180  13:55  Roach x4  
  166  13:58  Roach x2  
  170  14:03  Roach x4  
  176  14:11  Roach x4  
  173  14:17  Roach  
  173  14:18  Roach  
  151  14:26  Roach x3  
  149  14:31  Ravager x5  
  149  14:36  Roach x6  
  166  14:39  Ravager  
  166  14:41  Ravager x2  
  166  14:43  Ravager x3  
  172  14:48  Roach x2  
  176  14:58  Roach x5  
  186  15:04  Overseer  
  186  15:07  Roach x3  
  190  15:19  Roach x5  
  182  15:38  Roach  
  182  15:39  Roach x6  
  173  15:47  Roach x5  
  153  15:52  Roach x3  
  136  15:59  Roach  
  136  16:00  Roach x2  
  135  16:07  Roach x2  
Tags
 
Add a new tag
Caveats
  • Supply blocks, unpowered buildings, or Contaminate may cause inaccurate times.
  • Supply counts are checked every 10 seconds.